Map: Aura de mort EC

Players

IA (très facile) - Winner!

  • Race: Zerg Zerg
  • Spawn Location: 5:00

WipeR

  • Race: Terran Terran
  • League: Diamond
  • Spawn Location: 11:00

VOD

Have the link to the VOD?

Description

Time

  • Played on: Jan. 15, 2021, 12:38 p.m.
  • Length: 6:48
Show
View Real Time Build Order
Export as new Build Order

IA (très facile) Zerg - Winner!

Build Orders: Pool Only 

Get SALT Encoding   

  12  0:01  Drone  
  13  0:12  Overlord  
  13  0:16  Drone  
  14  0:35  Spawning Pool  
  13  0:37  Extractor  
  13  0:39  Drone  
  13  0:46  Drone  
  14  0:51  Overlord  
  14  1:22  Queen  
  14  1:23  Zergling x2  
  17  1:30  Roach Warren  
  16  1:34  Drone  
  16  1:37  Extractor  
  16  1:42  Drone  
  17  1:51  Zergling x2  
  18  2:01  Drone  
  19  2:08  Drone  
  20  2:17  Drone  
  20  2:20  Zergling x2  
  22  2:28  Overlord  
  22  2:31  Drone  
  23  2:38  Drone  
  24  2:45  Drone  
  24  2:50  Roach  
  27  3:43  Zergling x2  
  25  4:11  Zergling x2  
  26  4:40  Zergling x2  
Show
View Real Time Build Order
Export as new Build Order

WipeR Terran 

Build Orders:  

Get SALT Encoding   

  12  0:00  SCV  
  13  0:12  SCV  
  14  0:17  Supply Depot  
  14  0:24  SCV  
  14  0:28  Refinery  
  15  0:38  SCV  
  16  0:45  Barracks  
  16  0:50  SCV  
  17  1:02  SCV  
  18  1:07  Barracks  
  18  1:15  SCV  
  19  1:28  Refinery  
  19  1:32  Orbital Command  
  19  1:33  Reaper  
  20  1:40  Supply Depot  
  20  1:55  Factory  
  20  1:58  SCV  
  21  2:02  Reaper  
  22  2:13  SCV  
  22  2:14  Reaper  
  24  2:26  SCV  
  25  2:36  Command Center  
  25  2:39  Reaper  
  26  2:47  SCV  
  27  2:52  Starport  
  27  2:55  Factory Tech Lab  
  27  3:01  SCV  
  27  3:03  Barracks Tech Lab  
  28  3:07  Supply Depot  
  28  3:20  Siege Tank  
  28  3:23  Barracks Reactor  
  31  3:28  Marine  
  31  3:29  Supply Depot  
  31  3:30  SCV  
  33  3:42  Starport Reactor  
  33  3:46  Barracks  
  33  3:55  Siege Tank  
  36  3:57  Marine  
  36  4:00  Marine x2  
  39  4:03  Orbital Command  
  39  4:15  Stimpack, Marine  
  40  4:31  Starport Reactor  
  40  4:42  Marine x2  
  40  4:43  Marine x3  
  45  4:46  SCV x2, Supply Depot  
  47  4:53  Siege Tank  
  50  5:03  Supply Depot, Marine x3  
  50  5:04  Marine x2  
  55  5:08  SCV x2  
  57  5:22  Marine x3  
  57  5:23  Marine x2  
  57  5:28  Medivac x2, Supply Depot  
  66  5:40  Marine x3  
  69  5:42  Marine x2  
  69  5:46  Engineering Bay  
  69  5:49  Engineering Bay  
  71  5:53  Supply Depot  
  71  5:55  SCV x2  
  73  5:58  Marine x2  
  75  6:10  SCV x2  
  77  6:12  Marine x3  
  77  6:16  Marine  
  81  6:21  Supply Depot  
  81  6:22  SCV  
Tags
 
League
Diamond
Matchup
TvZ
Opening
Pool Only
Spawn Locations
Cross Positions
Add a new tag
Caveats
  • Supply blocks, unpowered buildings, or Contaminate may cause inaccurate times.
  • Supply counts are checked every 10 seconds.